 Dungeon Crawl Stone Soup version 0.24.0-10-g970556be89 (webtiles) character file.

Game seed: 17330917000694286317, levelgen mode: deterministic

3615 Curus the Spear-Bearer (level 10, -3/80 HPs)
             Began as a Merfolk Gladiator on Nov 4, 2019.
             Was a Follower of Yredelemnul.
             Slain by a centaur warrior zombie (6 damage)
             ... on level 7 of the Dungeon.
             The game lasted 00:29:59 (5235 turns).

Curus the Spear-Bearer (Merfolk Gladiator)          Turns: 5235, Time: 00:29:59

Health: -3/80      AC: 13    Str: 14    XL:     10   Next: 11%
Magic:  9/10       EV: 21    Int:  7    God:    Yredelemnul [*.....]
Gold:   220        SH:  0    Dex: 22    Spells: 9/9 levels left

rFire    . . .     SeeInvis .   a - +0 trident
rCold    . . .     Gourm    .   (no shield)
rNeg     . . .     Faith    +   b - +0 leather armour
rPois    +         Spirit   .   c - +1 helmet
rElec    .         Reflect  .   o - +0 cloak
rCorr    .         Harm     .   e - +0 pair of gloves
MR       .....                  (no boots)
Stlth    ++........             u - amulet of faith
HPRegen  0.63/turn              m - ring of poison resistance
MPRegen  0.12/turn              t - +6 ring of protection

@: about to teleport, berserk cooldown, slowed, very slow
A: change form in water, swift swim, stealthy swim, agile 1, regeneration 1
a: Animate Remains, Renounce Religion


You were on level 7 of the Dungeon.
You worshipped Yredelemnul.
Yredelemnul was aware of your devotion.
You were not hungry.

You visited 2 branches of the dungeon, and saw 8 of its levels.

You collected 220 gold pieces.

Inventory:

Hand Weapons
 a - a +0 trident (weapon)
Missiles
 d - 2 throwing nets (quivered)
Armour
 b - a +0 leather armour (worn)
 c - a +1 helmet (worn)
 e - a +0 pair of gloves (worn)
 o - a +0 cloak (worn)
Jewellery
 l - an uncursed amulet of inaccuracy
 m - a ring of poison resistance (left hand)
 t - a +6 ring of protection (right hand)
 u - an amulet of faith (around neck)
Wands
 h - a wand of random effects (19)
 k - a wand of flame (10)
 n - a wand of polymorph (10)
 v - a wand of enslavement (6)
Scrolls
 g - a scroll of fear
 i - 4 scrolls of identify
 j - a scroll of teleportation
 s - 5 scrolls of remove curse
Potions
 r - 3 potions of curing
Comestibles
 f - 11 rations
 q - 7 chunks of flesh


   Skills:
 + Level 8.1 Fighting
 - Level 14.0 Polearms
 - Level 2.0 Throwing
 + Level 10.1 Dodging


You had 9 spell levels left.
You didn't know any spells.
Your spell library contained the following spells:

 Spells                   Type           Power        Failure   Level  Hunger
 Corona                   Hex            #......      52%         1    ##.....
 Magic Dart               Conj           #...         52%         1    ##.....
 Shock                    Conj/Air       #...         52%         1    ##.....
 Searing Ray              Conj           #.....       65%         2    ###....
 Swiftness                Chrm/Air       #.......     65%         2    ###....
 Dazzling Spray           Conj/Hex       #.....       87%         3    ####...
 Static Discharge         Conj/Air       #.......     87%         3    ####...
 Airstrike                Air            #.........   99%         4    #####..
 Force Lance              Conj/Tloc      #.......     99%         4    #####..
 Fulminant Prism          Conj/Hex       #.........   99%         4    #####..
 Iskenderun's Mystic Bla  Conj           #.......     99%         4    #####..
 Summon Lightning Spire   Summ/Air       #.......     99%         4    #####..
 Lightning Bolt           Conj/Air       #.........   100%        5    ######.
 Silence                  Hex/Air        #.........   100%        5    ######.
 Conjure Ball Lightning   Conj/Air       #.........   100%        6    #######
 Deflect Missiles         Chrm/Air       #.........   100%        6    #######
 Tornado                  Air            #.........   100%        9    #######


Dungeon Overview and Level Annotations

Branches:
Dungeon (7/15)             Temple (1/1) D:5

Altars:
Ashenzari
Cheibriados
Kikubaaqudgha
Makhleb
Ru
Sif Muna
Uskayaw
Vehumet
Wu Jian
Xom
Yredelemnul
Zin
The Shining One

Shops:
D:4 =

Annotations:
D:3 1 runed translucent door, topfpfpflanze's ghost, amateur SpEn


Innate Abilities, Weirdness & Mutations

You revert to your normal form in water.
You are very nimble and swift while swimming.
You are very stealthy in the water. (Stealth+)
You are agile. (Dex +2)
Your natural rate of healing is unusually fast.


Message History

The centaur warrior zombie hits you.
* * * LOW HITPOINT WARNING * * *
The centaur warrior zombie hits you but does no damage.
The orc hits the withered plant but does no damage.
The orc wizard shouts!
You hear a shout! x2
The centaur warrior zombie hits you.
* * * LOW HITPOINT WARNING * * *
The centaur warrior zombie hits you but does no damage.
The orc completely misses the withered plant.
The orc hits the withered plant.
You can move again.
The centaur warrior zombie completely misses you.
The centaur warrior zombie hits you!
* * * LOW HITPOINT WARNING * * *
As you read the scroll of teleportation, it crumbles to dust.
You feel strangely unstable.
The centaur warrior zombie barely misses you.
The centaur warrior zombie hits you.
You die...
Your body rises from the dead as a mindless zombie.

....∩.......## .
....$?.......#....
.......8.8.........
P.....P............
..8.....................
.P.8..PoP.#............
........o##...........
.. .....#.ooZ...........
... ....
##.#Z@.........###...
...
##..##..#...(........ ..
##...#..###........# #
.#.....Z......).....#..
........)#....))......#
#........##.....##.....
##.......)#.....# ....
#.........##...##.....
##....................


You could see an orc wizard, 3 orcs and 2 centaur warrior zombies.

Vanquished Creatures
  A wolf spider zombie (D:7)
  A centaur zombie (D:7)
  A centaur skeleton (D:7)
  2 hellwings (D:7)
  Prince Ribbit (D:6)
  2 orc warriors
  2 phantoms
  5 ogres
  Blork the orc (D:6)
  A bullfrog (D:6)
  A gnoll sergeant (D:5)
  A scorpion (D:4)
  4 crimson imps
  A bullfrog zombie (D:5)
  3 hounds
  A jelly (D:6)
  A gnoll shaman (D:6)
  An orc priest (D:5)
  5 orc wizards
  3 worker ants
  An iguana (D:7)
  A hound skeleton (D:4)
  Robin (D:4)
  12 gnolls
  3 adders (D:3)
  3 shadow imps
  2 oozes
  2 worms
  4 dart slugs
  4 leopard geckos
  20 orcs
  A ball python (D:6)
  3 giant cockroaches
  10 goblins
  14 hobgoblins
  2 quokkas
  7 bats
  4 frilled lizards
  5 kobolds
  5 rats
142 creatures vanquished.

Vanquished Creatures (others)
  An ogre zombie (D:7)
  An orc skeleton (D:7)
  An orc zombie (D:7)
3 creatures vanquished.

Grand Total: 145 creatures vanquished

Notes
Turn   | Place    | Note
-------+----------+-------------------------------------------
     0 | D:1      | Curus the Merfolk Gladiator began the quest for the Orb.
     0 | D:1      | Reached XP level 1. HP: 16/16 MP: 1/1
    54 | D:1      | Reached skill level 5 in Polearms
    54 | D:1      | Reached XP level 2. HP: 20/22 MP: 2/2
   235 | D:1      | Gained mutation: Your natural rate of healing is unusually
                  | fast. [potion of mutation]
   235 | D:1      | Gained mutation: You are agile. (Dex +2) [potion of
                  | mutation]
   460 | D:1      | Reached skill level 6 in Polearms
   460 | D:1      | Reached XP level 3. HP: 27/27 MP: 3/3
   902 | D:2      | Found a shattered altar of Ashenzari.
  1345 | D:2      | Reached skill level 7 in Polearms
  1345 | D:2      | Reached XP level 4. HP: 16/33 MP: 4/4
  1994 | D:3      | Found a runed translucent door.
  2030 | D:3      | Reached skill level 8 in Polearms
  2047 | D:3      | Reached XP level 5. HP: 36/38 MP: 5/5
  2177 | D:3      | Found a shimmering blue altar of Sif Muna.
  2234 | D:3      | Noticed topfpfpflanze's ghost (amateur SpEn)
  2234 | D:3      | Noticed a centaur
  2328 | D:4      | Reached skill level 9 in Polearms
  2370 | D:4      | Found Koeqor's Jewellery Shoppe.
  2392 | D:4      | Noticed an ogre
  2405 | D:4      | Killed an ogre
  2405 | D:4      | Reached skill level 10 in Polearms
  2405 | D:4      | Reached XP level 6. HP: 21/44 MP: 6/6
  2563 | D:3      | Identified Sif Muna's Catalogue of Hexes
  2806 | D:4      | Reached XP level 7. HP: 50/50 MP: 7/7
  2835 | D:4      | Reached skill level 11 in Polearms
  3181 | D:4      | Noticed Robin
  3195 | D:4      | Killed Robin
  3195 | D:4      | Reached skill level 12 in Polearms
  3401 | D:5      | Entered Level 5 of the Dungeon
  3559 | D:5      | Reached XP level 8. HP: 56/56 MP: 8/8
  3657 | D:5      | Reached skill level 13 in Polearms
  4001 | D:5      | Found a staircase to the Ecumenical Temple.
  4015 | Temple   | Entered the Ecumenical Temple
  4031 | Temple   | Became a worshipper of Yredelemnul the Dark
  4186 | D:6      | Reached skill level 14 in Polearms
  4197 | D:6      | Noticed Blork the orc
  4215 | D:6      | Killed Blork the orc
  4237 | D:6      | Noticed Prince Ribbit
  4373 | D:6      | Reached * piety under Yredelemnul
  4395 | D:6      | Reached skill level 5 in Dodging
  4609 | D:6      | Found a shimmering altar of Xom.
  4609 | D:6      | Found a shimmering altar of Xom.
  4610 | D:6      | Found a shimmering altar of Xom.
  4610 | D:6      | Found a shimmering altar of Xom.
  4610 | D:6      | Found a shimmering altar of Xom.
  4876 | D:6      | Killed Prince Ribbit
  4876 | D:6      | Reached XP level 9. HP: 66/66 MP: 9/9
  4931 | D:6      | Found a shimmering altar of Xom.
  4931 | D:6      | Found a shimmering altar of Xom.
  5062 | D:7      | Reached skill level 5 in Fighting
  5179 | D:7      | Noticed a hellwing
  5180 | D:7      | Noticed a hellwing
  5201 | D:7      | Killed a hellwing
  5215 | D:7      | Killed a hellwing
  5215 | D:7      | Reached XP level 10. HP: 53/80 MP: 7/10
  5230 | D:7      | Reached skill level 10 in Dodging
  5234 | D:7      | HP: 2/80 [centaur warrior zombie (7)]
  5235 | D:7      | Slain by a centaur warrior zombie

Levels and vault maps discovered:
D:1:      sevenhm_arrival_forest_fort_small_5, layout_loops_ring,
          serial_bayou_lake_a
D:2:      layout_loops_ring, nicolae_ashenzari_panopticon, nrook_mini_backslash,
          grunt_ministairs_9
D:3:      layout_rooms, ebering_ghost_inner_flame, first_ration, led_sif_book
D:4:      layout_basic, minmay_shop_enchanted_jewellery, uniq_robin
D:5:      layout_basic, temple_doors_cd
D:6:      layout_loops_ring, xom_redecorated, uniq_prince_ribbit1,
          uniq_blork_the_orc
D:7:      cheibrodos_grave_circle, layout_cave_pools, hangedman_feature_mirror,
          grunt_ogre_cave, uniq_joseph
Temple:   grunt_wide_crystal_templ

Skill      XL: |  1  2  3  4  5  6  7  8  9 10 |
---------------+-------------------------------+-----
Polearms       | 5 6 7 8 10 12 14 | 14.0
Fighting       | 4 7 8 |  8.1
Dodging        | 6 9 10 | 10.1
Throwing       | |  2.0

Action                   |  1- 3 |  4- 6 |  7- 9 | 10-12 || total
-------------------------+-------+-------+-------+-------++-------
Melee: Trident           |    80 |   228 |   462 |    14 ||   784
       Tailslap          |       |     3 |       |       ||     3
Throw: Throwing net      |       |       |     1 |       ||     1
Invok: Animate Remains   |       |       |     5 |       ||     5
  Use: Potion            |     4 |     3 |     2 |       ||     9
       Scroll            |     3 |     3 |     1 |     1 ||     8
 Stab: Sleeping          |     1 |     3 |     1 |       ||     5
       Held in net/web   |       |       |     1 |       ||     1
  Eat: Chunk             |       |     6 |    10 |       ||    16
Armor: Leather armour    |     7 |    36 |    73 |    12 ||   128
Dodge: Dodged            |    30 |   134 |   223 |    11 ||   398
